 Dungeon Crawl Stone Soup version 0.21.0-3-g78d12a8bdd (webtiles) character file.

36061 i1guy the Cleaver (level 13, -17/171 HPs)
             Began as a Minotaur Fighter on Jan 17, 2018.
             Was an Elder of Qazlal.
             Demolished by Artagas's ghost (34 damage)
             ... on level 6 of the Lair of Beasts.
             The game lasted 01:24:12 (12501 turns).

i1guy the Cleaver (Minotaur Fighter)               Turns: 12501, Time: 01:24:13

Health: -17/171    AC: 26    Str: 26    XL:     13   Next: 51%
Magic:  1/17       EV:  2    Int:  5    God:    Qazlal [****..]
Gold:   679        SH: 20    Dex: 18    Spells: 10/12 levels left

rFire    . . .     SeeInvis .   a - +5 hand axe (freeze)
rCold    . . .     Gourm    .   k - +1 shield
rNeg     + + +     Faith    .   (armour currently unavailable)
rPois    +         Spirit   .   (helmet currently unavailable)
rElec    .         Reflect  .   (cloak currently unavailable)
rCorr    .         Harm     .   (gloves currently unavailable)
MR       +....     NoTele   +   (boots currently unavailable)
Stlth    ++........             (no amulet)
HPRegen  0.38/turn              y - +3 ring of dexterity
MPRegen  0.15/turn              h - ring of protection from magic

@: agile, tree-form, very slightly contaminated, invisible, repel missiles
A: (retaliatory headbutt), wild magic 1, no potion heal 1
a: Upheaval, Elemental Force, Renounce Religion


You were on level 6 of the Lair of Beasts.
You worshipped Qazlal.
Qazlal was greatly pleased with you.
You were not hungry.
You were a tree.
You visited 2 branches of the dungeon, and saw 14 of its levels.

You collected 679 gold pieces.

Inventory:

Hand Weapons
 a - a +5 hand axe of freezing (weapon)
 b - the +7 hunting sling "Wiofoes" {venom, rC+ Dex+6}
   (You found it on level 9 of the Dungeon)

   It poisons the ammo it fires.
   It affects your dexterity (+6).
   It protects you from cold.
 l - a +3 whip
 M - a +4 mace
 N - a +1 trident
 O - a +3 hand axe
Missiles
 m - 138 stones
 q - 34 poisoned needles
 C - 5 tomahawks (quivered)
 J - 3 javelins
 S - 54 sling bullets
Armour
 d - a +2 hat (melded)
 i - a +0 plate armour (melded)
 k - a +1 shield (worn)
 o - a +1 pair of boots (melded)
 Y - a scarf of resistance (melded)
Jewellery
 h - a ring of protection from magic (right branch)
 y - a +3 ring of dexterity (left branch)
 F - an uncursed ring of protection from cold
 T - an uncursed ring of protection from cold
Wands
 g - a wand of flame (21)
 t - a wand of scattershot (3)
 z - a wand of acid (9)
 A - a wand of disintegration (13)
 D - a wand of enslavement (8)
 G - a wand of random effects (55)
 Q - a wand of polymorph (36)
Scrolls
 e - 2 scrolls of random uselessness
 j - 5 scrolls of enchant armour
 r - 10 scrolls of identify
 s - 6 scrolls of teleportation
 u - a scroll of amnesia
 x - 3 scrolls of enchant weapon
 B - a scroll of blinking
 P - a scroll of vulnerability {unknown}
Potions
 n - 3 potions of brilliance
 w - 4 potions of curing
 I - 3 potions of magic
 K - a potion of lignification
 X - a potion of resistance
Books
 c - the Handbook of Compression
   (You found it on level 3 of the Lair of Beasts)

   Spells                             Type                      Level
   a - Petrify                        Transmutation/Earth          4
   b - Borgnjor's Vile Clutch         Necromancy/Earth             5
   c - Deflect Missiles               Charms/Air                   6
 V - a book of Spatial Translocations

   Spells                             Type                      Level
   a - Blink                          Translocation                2
   b - Shroud of Golubria             Charms/Translocation         2
   c - Lesser Beckoning               Translocation                3
   d - Gell's Gravitas                Translocation                3
   e - Teleport Other                 Translocation                3
   f - Passage of Golubria            Translocation                4
Miscellaneous
 E - a lightning rod (3/4)
Comestibles
 f - 9 rations


   Skills:
 + Level 10.3 Fighting
 - Level 13.8(14.0) Axes
 + Level 3.2(9.8) Maces & Flails
 * Level 5.0(6.1) Slings
 + Level 4.9(5.8) Throwing
 + Level 12.0 Armour
 + Level 3.5 Dodging
 + Level 12.1 Shields
 + Level 4.8 Invocations
 * Level 7.5 Evocations


You had 10 spell levels left.
You knew the following spells:

 Your Spells              Type           Power        Failure   Level  Hunger
a - Blink                 Tloc           N/A          82%         2    ###....


Dungeon Overview and Level Annotations

Branches:
Dungeon (10/15)              Lair (6/6) D:9          Shoals (0/4) Lair:2
  Snake (0/4) Lair:2        Slime (0/5) Lair:5
 Temple: D:4-7          Orc: D:9-12

Altars:
Ashenzari
Cheibriados
Elyvilon
Qazlal
Sif Muna
Trog
Vehumet
Yredelemnul
Zin
Jiyva

Shops:
D:8 (

Annotations:
D:2 Sigmund
D:10 Fannar
Lair:6 Artagas's ghost, journeyman MiBe


Innate Abilities, Weirdness & Mutations

((You reflexively headbutt those who attack you in melee.))
((You have a pair of horns on your head.))
Your spells are a little harder to cast, but a little more powerful.
Potions are less effective at restoring your health.


Message History

Artagas's ghost is heavily damaged.
You barely miss Artagas's ghost.
Artagas's ghost is heavily damaged.
You block Artagas's ghost's attack.
You closely miss Artagas's ghost.
Artagas's ghost is heavily damaged.
You hit Artagas's ghost.
Artagas's ghost is severely damaged.
Artagas's ghost hits you but does no damage.
You feel agile all of a sudden. You block Artagas's ghost's attack.
You slice Artagas's ghost!! You freeze Artagas's ghost.
Artagas's ghost is severely damaged.
You block Artagas's ghost's attack.
You barely miss Artagas's ghost.
Artagas's ghost is severely damaged.
You hit Artagas's ghost. You freeze Artagas's ghost.
Artagas's ghost is almost destroyed.
Artagas's ghost hits you!!
You die...

##.# P###.#. ####
.......## #..######
........# ##....#.#
S.......#########.....#.
.............##.P.......
.....§.§§...............
......§†§...............
.......♣W§..............
......†§§.#.............
.......#.#.##.##P.......
.........P..#.#.........
........................
........................
............... .......
..#...


You could see a water moccasin and Artagas's ghost.

Vanquished Creatures
  2 hydras
  2 two-headed ogres
  A catoblepas (Lair:6)
  A fire crab (Lair:6)
  A manticore (Lair:2)
  2 black mambas (Lair:1)
  Maurice (D:8)
  27 spiny frogs
  5 rime drakes
  5 komodo dragons
  A polar bear (Lair:4)
  2 trolls
  The ghost of Gunter174 the Cudgeler, an amateur MiMo of Okawaru (D:5)
  6 hippogriffs
  23 blink frogs
  Prince Ribbit (D:9)
  A tyrant leech (Lair:6)
  2 wyverns (Lair:6)
  36 yaks
  2 fire elementals (Lair:6)
  4 hogs (D:9)
  A human (D:9)
  A steam dragon (D:10)
  6 vampire mosquitoes (Lair:6)
  3 wargs (D:9)
  3 nagas (Lair:2)
  9 water moccasins
  An orc warrior (D:10)
  8 porcupines
  3 ogres
  2 centaurs
  10 crocodiles
  2 big kobolds
  19 bullfrogs
  A scorpion (D:9)
  4 killer bees (D:8)
  7 wights
  An electric eel (Lair:6)
  2 centaur zombies
  2 hounds (D:9)
  2 bullfrog skeletons
  An orc priest (D:10)
  Ijyb (D:4)
  4 hell rats (Lair:4)
  6 worker ants
  11 orc wizards
  2 iguanas
  A hound skeleton (D:10)
  4 gnolls (D:4)
  10 adders
  2 shadow imps
  An ooze (D:1)
  2 worms
  3 dart slugs
  2 leopard geckos
  23 orcs
  6 giant cockroaches
  3 goblins
  6 hobgoblins
  2 jackals (D:5)
  21 kobolds
  6 quokkas
  A ball python (D:1)
  4 bats
  7 frilled lizards
  6 rats
348 creatures vanquished.

Vanquished Creatures (others)
  A bush (Lair:5)
  5 fungi
  46 plants
52 creatures vanquished.

Grand Total: 400 creatures vanquished

Notes
Turn   | Place    | Note
-------+----------+-------------------------------------------
     0 | D:1      | i1guy the Minotaur Fighter began the quest for the Orb.
     0 | D:1      | Reached XP level 1. HP: 19/19 MP: 0/0
   119 | D:1      | Reached XP level 2. HP: 27/27 MP: 1/1
   453 | D:1      | Reached XP level 3. HP: 33/33 MP: 2/2
   793 | D:2      | Reached skill level 3 in Axes
  1010 | D:2      | Reached XP level 4. HP: 32/40 MP: 3/3
  1078 | D:2      | Noticed Sigmund
  1594 | D:3      | Reached XP level 5. HP: 44/46 MP: 4/4
  2146 | D:4      | Reached skill level 4 in Axes
  2389 | D:4      | Noticed an ogre
  2404 | D:4      | Killed an ogre
  2404 | D:4      | Reached skill level 5 in Axes
  2404 | D:4      | Reached skill level 5 in Armour
  2404 | D:4      | Reached XP level 6. HP: 52/53 MP: 5/5
  2744 | D:4      | Noticed Ijyb
  2770 | D:4      | Killed Ijyb
  2770 | D:4      | Reached skill level 5 in Shields
  3249 | D:4      | Reached skill level 6 in Axes
  3299 | D:5      | Entered Level 5 of the Dungeon
  3403 | D:5      | Reached skill level 1 in Dodging
  3403 | D:5      | Reached XP level 7. HP: 49/60 MP: 6/6
  3669 | D:5      | Noticed Gunter174's ghost (amateur MiMo)
  3679 | D:5      | Killed Gunter174's ghost
  3679 | D:5      | Reached skill level 5 in Fighting
  3679 | D:5      | Reached skill level 1 in Evocations
  3835 | D:5      | Found a deep blue altar of Sif Muna.
  3848 | D:5      | Reached skill level 1 in Throwing
  3856 | D:5      | Reached skill level 7 in Axes
  3970 | D:5      | You fall through a shaft for 3 floors!
  3989 | D:8      | Noticed a two-headed ogre
  3998 | D:8      | Killed a two-headed ogre
  3998 | D:8      | Reached skill level 8 in Axes
  3998 | D:8      | Reached XP level 8. HP: 35/69 MP: 7/9
  4217 | D:8      | Found a bloodstained altar of Trog.
  4217 | D:8      | Found a basalt altar of Yredelemnul.
  4217 | D:8      | Found a stormy altar of Qazlal.
  4227 | D:8      | Became a worshipper of Qazlal Stormbringer
  4281 | D:8      | Found a white marble altar of Elyvilon.
  4284 | D:8      | Found a radiant altar of Vehumet.
  4509 | D:8      | Noticed Maurice
  4518 | D:8      | Killed Maurice
  4518 | D:8      | Reached XP level 9. HP: 71/75 MP: 10/10
  4521 | D:8      | Found Xeki's Antique Weapon Emporium.
  4674 | D:9      | Found a snail-covered altar of Cheibriados.
  4677 | D:9      | Noticed a troll
  4691 | D:9      | Killed a troll
  4703 | D:9      | Reached * piety under Qazlal
  4703 | D:9      | Reached skill level 1 in Invocations
  4766 | D:9      | Found a shattered altar of Ashenzari.
  4792 | D:9      | Reached skill level 9 in Axes
  4989 | D:9      | Found a staircase to the Lair.
  5023 | D:9      | Noticed a two-headed ogre
  5033 | D:9      | Killed a two-headed ogre
  5093 | D:9      | Reached XP level 10. HP: 84/84 MP: 11/11
  5138 | D:9      | Noticed Prince Ribbit
  5181 | D:9      | Killed Prince Ribbit
  5248 | D:9      | Reached skill level 10 in Axes
  5419 | D:9      | Reached ** piety under Qazlal
  5517 | D:9      | Got a slimy hunting sling
  5684 | D:9      | Found a glowing silver altar of Zin.
  5735 | D:10     | Entered Level 10 of the Dungeon
  5759 | D:10     | Noticed Fannar
  5766 | D:10     | Paralysed by a hornet for 1 turns
  5962 | Lair:1   | Entered Level 1 of the Lair of Beasts
  5965 | Lair:1   | Noticed a black mamba
  5973 | Lair:1   | Killed a black mamba
  6007 | Lair:1   | Noticed a spiny frog
  6020 | Lair:1   | Killed a spiny frog
  6050 | Lair:1   | Reached skill level 11 in Axes
  6363 | Lair:1   | Noticed a black mamba
  6368 | Lair:1   | Killed a black mamba
  6513 | Lair:1   | Reached XP level 11. HP: 84/94 MP: 13/13
  7150 | Lair:2   | Reached skill level 10 in Shields
  7172 | Lair:2   | Found a staircase to the Shoals.
  7349 | Lair:2   | Found a staircase to the Snake Pit.
  8456 | Lair:3   | Reached skill level 12 in Axes
  8593 | Lair:3   | Identified the Handbook of Compression
  8598 | Lair:3   | Learned a level 2 spell: Blink
  8669 | Lair:3   | Reached skill level 10 in Armour
  9244 | Lair:4   | Reached XP level 12. HP: 63/104 MP: 14/14
  9543 | Lair:4   | Reached skill level 5 in Evocations
  9644 | Lair:4   | Noticed a six-headed hydra
  9678 | Lair:4   | Killed a 12-headed hydra
 10375 | Lair:5   | Found a staircase to the Slime Pits.
 10484 | Lair:5   | Reached *** piety under Qazlal
 10500 | Lair:5   | Noticed a six-headed hydra
 10504 | Lair:5   | Reached skill level 13 in Axes
 10523 | Lair:5   | Killed a six-headed hydra
 10738 | Lair:5   | Found a viscous altar of Jiyva.
 11058 | Lair:5   | Identified the +7 hunting sling "Wiofoes" {venom, rC+ Dex+6} (You found it on level 9 of the Dungeon)
 11213 | Lair:5   | Reached skill level 1 in Maces & Flails
 11521 | Lair:6   | Entered Level 6 of the Lair of Beasts
 11537 | Lair:6   | Reached skill level 1 in Slings
 11602 | Lair:6   | Reached skill level 10 in Fighting
 11640 | Lair:6   | Reached XP level 13. HP: 68/113 MP: 16/16
 11701 | Lair:6   | Gained mutation: Potions are less effective at restoring your health. [potion of mutation]
 11701 | Lair:6   | Gained mutation: Your spells are a little harder to cast, but a little more powerful. [potion of mutation]
 11875 | Lair:6   | Reached **** piety under Qazlal
 12449 | Lair:6   | Noticed Artagas's ghost (journeyman MiBe)
 12482 | Lair:6   | Reached skill level 5 in Slings
 12501 | Lair:6   | Demolished by Artagas's ghost

Skill      XL: |  1  2  3  4  5  6  7  8  9 10 11 12 13 |
---------------+----------------------------------------+-----
Shields        | 4 5 6 7 8 10 11 12 | 12.1
Armour         | 4 5 6 7 8 10 11 12 | 12.0
Fighting       | 4 5 6 8 9 10 | 10.3
Axes           | 3 5 6 8 9 11 12 13 | 13.8
Dodging        | 1 2 3 |  3.5
Evocations     | 2 3 4 6 7 |  7.5
Throwing       | 2 3 4 |  4.9
Invocations    | 3 4 |  4.8
Maces & Flails | 3 |  3.2
Slings         | 2 5 |  5.0

Action                   |  1- 3 |  4- 6 |  7- 9 | 10-12 | 13-15 || total
-------------------------+-------+-------+-------+-------+-------++-------
Melee: War axe           |    31 |       |       |       |       ||    31
       Headbutt          |    15 |    35 |    30 |   108 |    34 ||   222
       Hand axe          |    79 |   202 |   179 |   556 |   160 ||  1176
       Mace              |       |       |       |    22 |       ||    22
 Fire: Hunting sling     |       |       |       |     2 |    26 ||    28
Throw: Javelin           |       |     6 |    20 |       |       ||    26
       Tomahawk          |       |       |     6 |     4 |       ||    10
Invok: Upheaval          |       |       |       |     5 |     3 ||     8
Evoke: Wand              |       |       |     6 |     1 |     4 ||    11
       Lightning rod     |       |       |       |     3 |     1 ||     4
  Use: Scroll            |       |     1 |     1 |    10 |     1 ||    13
       Potion            |       |     2 |     1 |     7 |     9 ||    19
 Stab: Invisible         |       |       |       |       |     7 ||     7
  Eat: Ration            |       |     3 |     1 |     6 |     1 ||    11
       Chunk             |       |       |       |     2 |       ||     2
Armor: Scale mail        |    16 |       |       |       |       ||    16
       Chain mail        |    27 |   100 |    67 |    87 |       ||   281
       Plate armour      |       |       |       |    89 |    28 ||   117
       Skin              |       |       |       |       |     9 ||     9
Dodge: Dodged            |    30 |    59 |    37 |   128 |    21 ||   275
       Deflected         |       |       |       |       |     1 ||     1
Block: Shield            |    52 |    41 |    75 |   376 |   127 ||   671
       Buckler           |       |    28 |     4 |       |       ||    32
